 Dungeon Crawl Stone Soup version 0.18-a0-1805-g8ab820f (webtiles) character file.

351 epen the Ducker (level 6, -7/32 HPs)
             Began as a Spriggan Abyssal Knight on Apr 25, 2016.
             Was a Priest of Lugonu.
             Killed from afar by an orc wizard (8 damage)
             ... with a magic dart
             ... on level 3 of the Dungeon.
             The game lasted 00:05:04 (3998 turns).

epen the Ducker (Spriggan Abyssal Knight)           Turns: 3998, Time: 00:05:04

Health: -7/32      AC:  2    Str:  8    XL:     6   Next: 34%
Magic:  9/9        EV: 20    Int: 14    God:    Lugonu [***...]
Gold:   154        SH:  0    Dex: 17    Spells: 0 memorised, 5 levels left

rFire  . . .     SeeInvis +     q - +2 short sword (speed)
rCold  . . .     Gourm    .     b - +0 robe
rNeg   . . .     Faith    .     (shield restricted)
rPois  .         Spirit   .     (helmet restricted)
rElec  .         Dismiss  .     (no cloak)
rCorr  +         Reflect  .     (gloves unavailable)
SustAt .         Harm     .     (boots unavailable)
MR     +....                    (no amulet)
Stlth  +++.......               (no ring)
                                e - ring of resist corrosion

@: very quick, somewhat resistant to hostile enchantments, fairly stealthy
A: unfitting armour, see invisible, herbivore 3, speed 3, slow metabolism 2
a: Depart the Abyss, Bend Space, Banish, Renounce Religion


You were on level 3 of the Dungeon.
You worshipped Lugonu.
Lugonu was most pleased with you.
You were not hungry.

You visited 1 branch of the dungeon, and saw 3 of its levels.
You visited the Abyss 1 time.

You collected 154 gold pieces.

Inventory:

Hand Weapons
 a - a +1 short sword
 q - a +2 short sword of speed (weapon)
Armour
 b - a +0 robe (worn)
Jewellery
 e - a ring of resist corrosion (left hand)
 n - an uncursed ring of see invisible {unknown}
Wands
 t - a wand of flame (1/48)
Scrolls
 f - 2 scrolls of recharging {unknown}
 g - a scroll of blinking {unknown}
 h - 5 scrolls of teleportation {unknown}
 j - a scroll of fog {unknown}
 l - 3 scrolls of identify
 m - a scroll of remove curse
 p - 2 scrolls of immolation {unknown}
 r - a scroll of random uselessness {unknown}
Potions
 d - 5 potions of curing
 i - a potion of ambrosia
 k - a potion of lignification {unknown}
 s - a potion of resistance {unknown}
Comestibles
 c - 2 bread rations
 o - 6 fruits


   Skills:
 + Level 3.3 Fighting
 * Level 4.4 Short Blades
 + Level 4.8 Dodging
 + Level 3.5 Stealth
 * Level 3.6 Invocations


You had 5 spell levels left.
You didn't know any spells.

Dungeon Overview and Level Annotations

Branches:
Dungeon (3/15)

Altars:
Makhleb
Okawaru
Vehumet


Innate Abilities, Weirdness & Mutations

You are tiny and cannot use many weapons and most armour.
You have supernaturally acute eyesight.
You are a herbivore.
You cover ground extremely quickly.
You need consume almost no food.


Message History

You closely miss the orc wizard.
The orc wizard is almost dead.
The orc wizard casts a spell at you. You resist with almost no effort.
You completely miss the orc wizard.
The orc wizard is almost dead.
You closely miss the orc wizard.
The orc wizard is almost dead.
The orc wizard hits you with a dagger.
You closely miss the orc wizard.
The orc wizard is almost dead.
The orc wizard points at you and mumbles some strange words.
The puff of flame hits you!
* * * LOW HITPOINT WARNING * * *
Unknown command.
You closely miss the orc wizard.
The orc wizard is almost dead.
The orc wizard gestures at you while chanting.
The magic dart hits you!
You die...

........# #.(..# #..#.#.#
....)...# #..).####.#.#.#
.o...(..# #...)().#......
........# ###'###.#...#.#
........# ####'###.....#..
........#####......####..#.#
...................'.)..>...
######...)(........####.#..#
#...o.@....(..####.#...
#.............##)).....
#.............##)#.##..
#.............##)#.....
#............(##)#.##..
#............<..#####(.
#...............#.....#
#...............#.###..
.............# ##.#


You could see an orc wizard (invisible).

Vanquished Creatures
  The ghost of epen the Ducker, an amateur SpAK of Lugonu (D:3)
  A crimson imp (D:3)
  A hound (D:3)
  3 orc wizards (D:3)
  Jessica (D:2)
  3 adders
  A worm (D:2)
  19 orcs (D:3)
  2 ball pythons (D:3)
  A giant cockroach (D:1)
  4 hobgoblins
  9 kobolds
  A quokka (D:2)
  8 bats
  A giant newt (D:2)
  11 goblins
  5 rats
72 creatures vanquished.

Notes
Turn   | Place    | Note
--------------------------------------------------------------
     0 | Abyss:1  | epen the Spriggan Abyssal Knight began the quest for the Orb.
     0 | Abyss:1  | Reached XP level 1. HP: 11/11 MP: 3/3
    45 | D:1      | Escaped the Abyss
   613 | D:1      | Reached skill level 1 in Stealth
   613 | D:1      | Reached XP level 2. HP: 16/16 MP: 4/4
  1260 | D:2      | Reached ** piety under Lugonu
  1266 | D:2      | Reached XP level 3. HP: 15/19 MP: 5/5
  1707 | D:2      | Noticed Jessica
  1713 | D:2      | Killed Jessica
  1912 | D:2      | Reached XP level 4. HP: 11/23 MP: 6/6
  2617 | D:3      | Noticed epen's ghost (amateur SpAK)
  2653 | D:3      | Killed epen's ghost
  2653 | D:3      | Reached XP level 5. HP: 3/28 MP: 8/8
  3181 | D:3      | Found a radiant altar of Vehumet.
  3182 | D:3      | Found a burning altar of Makhleb.
  3185 | D:3      | Reached XP level 6. HP: 32/32 MP: 9/9
  3335 | D:3      | Found an iron altar of Okawaru.
  3561 | D:3      | Reached *** piety under Lugonu
  3996 | D:3      | HP: 1/32 [orc wizard/puff of flame (10)]
  3998 | D:3      | Killed from afar by an orc wizard

Vault maps used:
D:1:      dpeg_arrival_chase
D:2:      uniq_jessica
D:3:      grunt_temple_overflow_lords_of_destruction,
          nicolae_overflow_crystal_walls

Skill      XL: |  1  2  3  4  5 |
---------------+----------------+-----
Invocations    | 2 3 |  3.6
Stealth        | 1 2 3 |  3.5
Short Blades   | 3 4 |  4.4
Dodging        | 4 |  4.8
Fighting       | 3 |  3.3

Action                   |  1- 3 |  4- 6 || total
-------------------------+-------+-------++-------
Melee: Short sword       |    91 |   207 ||   298
  Use: Scroll            |     3 |       ||     3
 Stab: Distracted        |     1 |       ||     1
       Sleeping          |     1 |     2 ||     3
  Eat: Fruit             |       |     1 ||     1
Armor: Robe              |     9 |     5 ||    14
Dodge: Dodged            |    77 |   102 ||   179
